 Dungeon Crawl Stone Soup version 0.21-a0-525-ga34b322 (webtiles) character file.

35 slep the Chopper (level 3, -2/28 HPs)
             Began as a Demonspawn Gladiator on Dec 8, 2017.
             Slain by a shadow imp (3 damage)
             ... summoned by Natasha
             ... on level 2 of the Dungeon.
             The game lasted 00:02:08 (669 turns).

slep the Chopper (Demonspawn Gladiator)              Turns: 669, Time: 00:02:09

Health: -2/28      AC:  4    Str: 15    XL:     3   Next: 16%
Magic:  3/3        EV: 13    Int:  9    God:
Gold:   61         SH:  0    Dex: 14    Spells: 2/2 levels left

rFire    + . .     SeeInvis .   a - +0 war axe
rCold    . . .     Gourm    .   (no shield)
rNeg     . . .     Faith    .   b - +0 leather armour
rPois    .         Spirit   .   c - +0 helmet
rElec    .         Reflect  .   (no cloak)
rCorr    .         Harm     .   (no gloves)
MR       .....                  (no boots)
Stlth    ++........             (no amulet)
HPRegen  0.09/turn              (no ring)
MPRegen  0.08/turn              (no ring)

@: slowed, very slow
A: fire resistance 1, nightstalker 1
a: no special abilities


You were on level 2 of the Dungeon.
You were not hungry.

You visited 1 branch of the dungeon, and saw 2 of its levels.

You collected 61 gold pieces.

Inventory:

Hand Weapons
 a - a +0 war axe (weapon)
Missiles
 d - 3 throwing nets (quivered)
Armour
 b - a +0 leather armour (worn)
 c - a +0 helmet (worn)
Scrolls
 e - a scroll of blinking {unknown}
 h - 2 scrolls of remove curse {unknown}
 m - a scroll of teleportation {unknown}
 n - a scroll of immolation {unknown}
Potions
 g - a potion of curing {unknown}
 i - a potion of might {unknown}
 k - a potion of agility {unknown}
 l - a potion of heal wounds {unknown}
Comestibles
 f - 2 bread rations
 j - a fruit


   Skills:
 + Level 2.3 Fighting
 + Level 3.2 Axes
 + Level 2.1 Throwing
 + Level 3.1 Dodging


You had 2 spell levels left.
You didn't know any spells.

Dungeon Overview and Level Annotations

Branches:
Dungeon (2/15)

Altars:

Annotations:
D:2 Natasha


Innate Abilities, Weirdness & Mutations

Your flesh is heat resistant. (rF+)
You are slightly more attuned to the shadows.


Message History

You barely resist. Natasha claws you! Natasha casts a spell at you.
The magic dart hits you! The shadow imp closely misses you.
You barely miss Natasha.
Natasha is heavily wounded.
You hit the shadow imp. You miss the crimson imp. Natasha closely misses you.
The crimson imp hits you but does no damage.
The shadow imp barely misses you. Natasha claws you but does no damage.
The shadow imp barely misses you. The crimson imp misses you.
The shadow imp hits you.
* * * LOW HITPOINT WARNING * * *
You hit Natasha.
Natasha is severely wounded.
You hit the shadow imp. You barely miss the crimson imp.
You closely miss the shadow imp. The shadow imp hits you.
* * * LOW HITPOINT WARNING * * *
Natasha barely misses you.
The crimson imp hits you but does no damage.
The shadow imp hits you.
You die...

#...##........#
#...+<........#
#.#...##........#
#.(.............#####
#######.............#
#..<............#
#.#....###......#
...#+#+##...######
... .....5@..# ....
.....5h5.# +##
.........# .......###
#......# #......#
.......#


You could see Natasha, a crimson imp and 2 shadow imps.

Vanquished Creatures
  An adder (D:2)
  An ooze (D:1)
  2 leopard geckos (D:1)
  2 goblins (D:1)
  3 hobgoblins (D:1)
  2 frilled lizards (D:1)
  5 kobolds
  3 rats (D:1)
19 creatures vanquished.

Notes
Turn   | Place    | Note
-------+----------+-------------------------------------------
     0 | D:1      | slep the Demonspawn Gladiator began the quest for the Orb.
     0 | D:1      | Reached XP level 1. HP: 16/16 MP: 1/1
    78 | D:1      | Gained mutation: You are slightly more attuned to the shadows. [demonic ancestry]
    78 | D:1      | Reached XP level 2. HP: 19/22 MP: 2/2
   654 | D:2      | Gained mutation: Your flesh is heat resistant. (rF+) [demonic ancestry]
   654 | D:2      | Reached XP level 3. HP: 25/28 MP: 3/3
   660 | D:2      | Noticed Natasha
   669 | D:2      | HP: 1/28 [shadow imp[Natasha] (2)]
   669 | D:2      | Slain by a shadow imp

Vault maps used:
D:1:      lightli_iron_boxes, minmay_unequal
D:2:      minmay_wonky_spiral, lemuel_blue_sif_altar,
          chequers_ecumenical_altar_simple, minmay_misc_feat_nine_boxes,
          minmay_cut_off, uniq_natasha

Skill      XL: |  1  2 |
---------------+-------+-----
Dodging        | 3 |  3.1
Axes           | 3 |  3.2
Throwing       | 2 |  2.1
Fighting       | |  2.3

Action                   || total
-------------------------++-------
Melee: War axe           ||    42
 Stab: Sleeping          ||     1
Armor: Leather armour    ||    10
Dodge: Dodged            ||    37

Table legend:
 A = Spawn XP
 B = Non-spawn XP
 C = Spawn XP percentage of total XP
 D = Spawn monster count
 E = Non-spawn monster count
 F = Spawn count percentage of total count
 G = Total turns spent on level
                    A         B        C        D         E        F      G
               +---------+---------+-------+---------+---------+-------+---------
         Total |       0 |      50 |   0.0 |       0 |      19 |   0.0 |   669
               +---------+---------+-------+---------+---------+-------+---------
           D:1 |       0 |      35 |   0.0 |       0 |      17 |   0.0 |   638
           D:2 |       0 |      15 |   0.0 |       0 |       2 |   0.0 |    31
               +---------+---------+-------+---------+---------+-------+---------
